 Dungeon Crawl Stone Soup version 0.30-a0-728-gc68057be0a (webtiles) character file.

Game seed: 5492359340146796786

28 demibob the Chopper (level 3, 31/31 HPs)
             Began as a Hill Orc Fighter on Jan 31, 2023.
             Was a Follower of Elyvilon.
             Quit the game on level 2 of the Dungeon.
             The game lasted 00:01:03 (664 turns).

demibob the Chopper (Hill Orc Fighter)               Turns: 664, Time: 00:01:03

Health: 31/31      AC:  6    Str: 20    XL:     3   Next: 14%
Magic:  3/3        EV:  9    Int:  8    God:    Elyvilon [*.....]
Gold:   38         SH:  0    Dex: 10    Spells: 2/2 levels left

rFire   . . .      SeeInvis .    a - +0 war axe
rCold   . . .      Faith    .    (no shield)
rNeg    . . .      Spirit   .    b - +0 scale mail
rPois   .          Reflect  .    (no helmet)
rElec   .          Harm     .    (no cloak)
rCorr   .          Rampage  .    (no gloves)
Will    .....                    (no boots) Stlth
                                 (no amulet)
HPRegen 0.25/turn                (no ring)
MPRegen 0.08/turn                (no ring)

@: no status effects
A: no striking features
a: Renounce Religion, Purification


You were on level 2 of the Dungeon.
You worshipped Elyvilon.
Elyvilon was aware of your devotion.
You visited 1 branch of the dungeon, and saw 2 of its levels.

You collected 38 gold pieces.


   Skills:
 - Level 3.6 Fighting
 + Level 4.7 Axes
 - Level 3.2 Armour
 - Level 3.2 Shields


You had 2 spell levels left.
You didn't know any spells.
Your spell library was empty.

Inventory:

Hand Weapons
 a - a +0 war axe (weapon)
Armour
 b - a +0 scale mail (worn)
Potions
 c - a potion of curing {unknown}
 d - a potion of might
 e - a potion of cancellation
 g - a potion of mutation

Dungeon Overview and Level Annotations

Branches:
Dungeon (2/15)

Altars:
Elyvilon

##.#..###.#.. ..#
#.......#.#.###..#.
#.#...#.#.#...#... ..
#.#.............##..#
#.#...#.#....$.......
#...............P....
###........♣P.♣ .....
.........#....P♣b..#
####.#.#...P♣♣@....#
#.#.........P♣....#
#.#.#.#.PP.P.♣ .#.#
#.#.#.#.P...PP
...............
........#.##g.#
....... ... ....r##
....


You could see a goblin, a bat and a rat (wandering).


Message History

No target in view!
No target in view!
No target in view!
No target in view!
No target in view!
No target in view!
No target in view!
No target in view!
No target in view!
No target in view!
No target in view!
No target in view!
No target in view!
No target in view!
No target in view!
Found a faded altar of an unknown god.
c - a fizzy pink potion You hit the fungus.
The fungus begins to die.
The fungus is lightly damaged.
You hit the fungus but do no damage.
A goblin and a bat come into view.
The goblin shouts!
There is a faded altar of an unknown god here.
This altar belongs to (a) Elyvilon, (b) Sif Muna or (c) Lugonu, but you can't tell which.
Press the corresponding letter to learn more about a god, or press enter to convert or escape to cancel.
Elyvilon accepts your prayer! Elyvilon welcomes you!
You can now purify yourself.
The bat barely misses you.
A rat comes into view.
Are you sure you want to abandon this character and quit the game? (Confirm with "yes".)

Skill      XL: |  1  2 |
---------------+-------+-----
Axes           | 3 4 |  4.7
Fighting       | |  3.6
Armour         | |  3.2
Shields        | |  3.2

Action                     || total
---------------------------++-------
  Melee: War axe           ||   106
    Use: Scroll            ||     3
 Armour: Scale mail        ||    85
  Dodge: Dodged            ||    73

Levels and vault maps discovered:
D:1:      lemuel_arrival_broad_hall, layout_basic, serial_bayou_pond_c
D:2:      minmay_spotlight, layout_basic, dreamdust_ecumenical_altar_grove,
          uniq_crazy_yiuf_cottage, uniq_natasha

Notes
Turn   | Place    | Note
-------+----------+-------------------------------------------
     0 | D:1      | demibob the Hill Orc Fighter began the quest for the Orb.
     0 | D:1      | Reached XP level 1. HP: 19/19 MP: 1/1
    62 | D:1      | Reached skill level 3 in Axes
   211 | D:1      | Reached XP level 2. HP: 20/26 MP: 2/2
   220 | D:1      | Reached skill level 4 in Axes
   472 | D:1      | Reached XP level 3. HP: 29/31 MP: 3/3
   645 | D:2      | Found a faded altar of an unknown god.
   663 | D:2      | Prayed at the altar of an unknown god.
   663 | D:2      | Became a worshipper of Elyvilon the Healer
   663 | D:2      | Reached * piety under Elyvilon
   664 | D:2      | Quit the game

Vanquished Creatures
  3 ball pythons (D:1)
  4 bats (D:1)
  An endoplasm (D:1)
  A giant cockroach (D:2)
  A hobgoblin (D:1)
  9 jackals (D:1)
  5 frilled lizards (D:1)
24 creatures vanquished.

Table legend: (Time is in decaauts)
 A = Elapsed time spent in this place.
 B = Non-inter-level travel time spent in this place.
 C = Inter-level travel time spent in this place.
 D = Time resting spent in this place.
 E = Time spent auto-exploring this place.
 F = Levels seen in this place.
 G = Mean time per level.
                   A        B        C        D        E       F      G
               +--------+--------+--------+--------+--------+-----+--------+
         Total |    697 |    685 |     12 |      0 |    457 |   2 |  348.5 |
       Dungeon |    697 |    685 |     12 |      0 |    457 |   2 |  348.5 |
               +--------+--------+--------+--------+--------+-----+--------+

Top non-repeatable levels by time:
     D:1: 669 daAuts
     D:2: 28 daAuts

Table legend:
 A = Non-vault XP
 B = Vault XP
 C = Vault XP percentage of total XP
 D = Non-vault monster count
 E = Vault monster count
 F = Vault count percentage of total count
                 A         B        C        D         E       F
            +---------+---------+-------+---------+---------+-------
      Total |      41 |       0 |   0.0 |      24 |       0 |   0.0
            +---------+---------+-------+---------+---------+-------
        D:1 |      39 |       0 |   0.0 |      23 |       0 |   0.0
        D:2 |       2 |       0 |   0.0 |       1 |       0 |   0.0
            +---------+---------+-------+---------+---------+-------
